 Seeded DCSS version 0.24.0-37-gcf1ca852f1 (console) character file.

Game seed: 93891015573, levelgen mode: deterministic

43 Kagalorn the Chucker (level 3, -6/27 HPs)
             Began as a Human Hunter on Dec 7, 2019.
             Mangled by a worm (11 damage)
             ... on level 1 of the Dungeon.
             The game lasted 00:02:38 (858 turns).

Kagalorn the Chucker (Human Hunter)                  Turns: 858, Time: 00:02:39

Health: -6/27      AC:  4    Str: 13    XL:     3   Next: 82%
Magic:  3/3        EV: 12    Int: 11    God:
Gold:   77         SH:  0    Dex: 13    Spells: 2/2 levels left

rFire    . . .     SeeInvis .   a - +0 hand axe
rCold    . . .     Gourm    .   (no shield)
rNeg     . . .     Faith    .   q - +0 leather armour
rPois    .         Spirit   .   g - +0 helmet
rElec    .         Reflect  .   (no cloak)
rCorr    .         Harm     .   (no gloves)
MR       .....                  (no boots)
Stlth    +.........             (no amulet)
HPRegen  0.09/turn              (no ring)
MPRegen  0.08/turn              (no ring)

@: no status effects
A: no striking features
a: no special abilities


You were on level 1 of the Dungeon.
You were not hungry.

You visited 1 branch of the dungeon, and saw 2 of its levels.

You collected 77 gold pieces.

Inventory:

Hand Weapons
 a - a +0 hand axe (weapon)
 b - a +0 hunting sling
 w - a +0 short sword
Missiles
 d - 2 throwing nets (quivered)
 i - 46 stones
 l - 34 sling bullets
 p - 14 poisoned darts
Armour
 g - a +0 helmet (worn)
 q - a +0 leather armour (worn)
Scrolls
 e - a scroll of fear {unknown}
 h - a scroll of enchant weapon {unknown}
 j - a scroll of magic mapping {unknown}
 k - a scroll of random uselessness {unknown}
 o - 2 scrolls of remove curse {unknown}
Potions
 m - a potion of haste {unknown}
 n - 2 potions of flight {unknown}
Comestibles
 f - a ration


   Skills:
 * Level 2.2 Fighting
 * Level 1.0 Axes
 * Level 4.9 Throwing
 - Level 2.0 Dodging
 - Level 1.0 Stealth


You had 2 spell levels left.
You didn't know any spells.
Your spell library was empty.

Dungeon Overview and Level Annotations

Branches:
Dungeon (2/15)

Altars:


Message History

You hit the hobgoblin but do no damage. The hobgoblin hits you. x2
You completely miss the hobgoblin. The hobgoblin hits you.
* * * LOW HITPOINT WARNING * * *
You hit the hobgoblin.
The hobgoblin is moderately wounded.
The hobgoblin closely misses you.
You hit the hobgoblin.
The hobgoblin is almost dead.
The hobgoblin closely misses you.
You barely miss the hobgoblin.
The hobgoblin is almost dead.
The hobgoblin hits you but does no damage.
The hobgoblin hits you.
* * * LOW HITPOINT WARNING * * *
You hit the hobgoblin.
You kill the hobgoblin!
You hit the worm.
The worm is moderately wounded.
The worm bites you!
You die...

# #.###...###### #.# #.#.#
#####.###........#####.###.#.#
....................>......#.#
##.#####....####.#####.#####.#
.#.#...#....# #.# #.# #.#
.#.'.<.#....# #.#####.#####.#
.#.#...#....# #.............#
##.#####....##########.#######
.........>#....w@......#
##.##'##.w##############
.#.#...#..# .'.#...#.##
.#.#...#.# ##.#####.#
######### .........# #........
###..###.# ######.#######
##.....# #......#


You could see a worm.

Vanquished Creatures
  Robin (D:2)
  2 dart slugs (D:1)
  2 giant cockroaches (D:1)
  7 goblins
  5 hobgoblins
  3 bats (D:1)
  3 frilled lizards (D:1)
  2 kobolds (D:1)
  A rat (D:1)
26 creatures vanquished.

Notes
Turn   | Place    | Note
-------+----------+-------------------------------------------
     0 | D:1      | Kagalorn the Human Hunter began the quest for the Orb.
     0 | D:1      | Reached XP level 1. HP: 16/16 MP: 1/1
   316 | D:1      | Reached XP level 2. HP: 16/22 MP: 2/2
   686 | D:1      | Reached XP level 3. HP: 22/27 MP: 3/3
   835 | D:2      | Noticed Robin
   837 | D:2      | Killed Robin
   840 | D:2      | Reached skill level 1 in Axes
   858 | D:1      | Mangled by a worm

Levels and vault maps discovered:
D:1:      minmay_arrival_four_houses, layout_loops_ring,
          hangedman_feature_mirror
D:2:      layout_loops_ring, chequers_ecumenical_altar_simple, uniq_robin

Skill      XL: |  1  2  3 |
---------------+----------+-----
Axes           | 1 |  1.0
Fighting       | |  2.2
Throwing       | |  4.9
Dodging        | |  2.0
Stealth        | |  1.0

Action                   || total
-------------------------++-------
Melee: Hand axe          ||    78
       Short sword       ||     4
Throw: Javelin           ||     6
 Stab: Sleeping          ||     2
Armor: Leather armour    ||    24
Dodge: Dodged            ||    74
